 Dungeon Crawl Stone Soup version 0.17.0 (webtiles) character file.

182 tetracat the Sneak (level 5, -1/36 HPs)
             Began as a Halfling Assassin on Nov 17, 2015.
             Succumbed to Robin's poison
             ... on level 3 of the Dungeon.
             The game lasted 00:03:31 (3463 turns).

tetracat the Sneak (Halfling Assassin)              Turns: 3463, Time: 00:03:31

Health: -1/36      AC:  5    Str: 11    XL:     5   Next: 93%
Magic:  5/5        EV: 16    Int: 10    God:
Gold:   156        SH:  0    Dex: 17    Spells: 0 memorised, 4 levels left

rFire  . . .     SeeInvis .     b - +0 blowgun
rCold  . . .     Clarity  .     c - +0 robe
rNeg   . . .     SustAt   .     (shield restricted)
rPois  .         Gourm    .     l - +1 helmet
rElec  .         Spirit   .     d - +0 cloak
rCorr  .         Warding  .     (no gloves)
rMut   .         Stasis   .     (no boots)
MR     .....                    (no amulet)
Stlth  +++.......               (no ring)
                                (no ring)

@: lethally poisoned (-1 -> -28), not resistant to hostile enchantments, fairly
stealthy
A: mutation resistance 1
a: no special abilities


You were on level 3 of the Dungeon.
You were very hungry.

You visited 1 branch of the dungeon, and saw 3 of its levels.

You collected 156 gold pieces.

Inventory:

Hand Weapons
 a - a +1 falchion of protection
 b - a +0 blowgun (weapon)
 q - a +2 dagger
Missiles
 e - 26 poisoned needles (quivered)
 f - 2 curare-tipped needles
Armour
 c - a +0 robe (worn)
 d - a +0 cloak (worn)
 l - a +1 helmet (worn)
Scrolls
 h - a scroll of blinking {unknown}
 k - 4 scrolls of teleportation {unknown}
 m - 2 scrolls of identify {unknown}
 p - a scroll of amnesia {unknown}
 s - a scroll of random uselessness {unknown}
 t - a scroll of enchant armour {unknown}
 v - a scroll of remove curse {unknown}
Potions
 j - a potion of resistance {unknown}
 o - a potion of agility {unknown}
 r - 3 potions of haste {unknown}
 u - a potion of heal wounds {unknown}
 w - a potion of degeneration {unknown}
 x - a potion of flight {unknown}
 z - a potion of poison {unknown}
Comestibles
 g - 4 bread rations
 i - a beef jerky
 n - 2 meat rations


   Skills:
 + Level 3.2 Fighting
 - Level 3.5(4.1) Short Blades
 + Level 2.2(2.9) Long Blades
 - Level 2.1 Throwing
 + Level 3.2 Dodging
 - Level 4.3 Stealth


You had 4 spell levels left.
You didn't know any spells.

Dungeon Overview and Level Annotations

Branches:
Dungeon (3/15)

Altars:

Annotations:
D:3 Robin


Innate Abilities, Weirdness & Mutations

You are small and have problems with some larger weapons.
You are somewhat resistant to further mutation.


Message History

You feel sick. Robin hits you but does no damage.
You are lethally poisoned!
The hobgoblin closely misses you.
You hit the hobgoblin but do no damage.
The hobgoblin is moderately wounded.
You feel sick.
Robin hits you from afar with a trident of venom!
* * * LOW HITPOINT WARNING * * *
You are more poisoned.
The hobgoblin hits you but does no damage.
* * * LOW HITPOINT WARNING * * *
You feel very sick.
You feel less protected.
b - a +0 blowgun (weapon)
* * * LOW HITPOINT WARNING * * *
You feel sick.
* * * LOW HITPOINT WARNING * * *
You feel sick.
You are too injured to fight recklessly!
You die...

#. #. ## #.#
########.# #)gg.@.#.#
#.####.#.# #. #.#.#
#.####.#.#
#.#....#.#############
#.#.##................
#.#.##.#.#############
#.#.##.#.# # #.##.#.#
#


You could see Robin and a hobgoblin (frenzied).

Vanquished Creatures
  Terence (D:2)
  7 gnolls
  3 adders
  A worm (D:3)
  3 giant geckos (D:3)
  4 orcs (D:3)
  3 bats
  3 giant cockroaches
  10 goblins
  8 hobgoblins
  8 kobolds
  A quokka (D:3)
  A giant newt (D:2)
  3 rats
56 creatures vanquished.

Notes
Turn   | Place    | Note
--------------------------------------------------------------
     0 | D:1      | tetracat the Halfling Assassin began the quest for the Orb.
     0 | D:1      | Reached XP level 1. HP: 14/14 MP: 1/1
   406 | D:1      | Reached XP level 2. HP: 19/19 MP: 2/2
  1304 | D:1      | Reached XP level 3. HP: 24/24 MP: 3/3
  1623 | D:2      | Noticed Terence
  1633 | D:2      | HP: 1/24 [Terence/falchion of protection (8)]
  1645 | D:2      | Killed Terence
  1945 | D:2      | Reached XP level 4. HP: 30/30 MP: 4/4
  2120 | D:2      | Reached skill level 1 in Long Blades
  2156 | D:2      | Reached XP level 5. HP: 14/36 MP: 5/5
  3444 | D:3      | Noticed Robin
  3462 | D:3      | HP: 1/36 [poisoned by Robin]
  3463 | D:3      | Succumbed to Robin's poison

Action                   |  1- 3 |  4- 6 || total
-------------------------+-------+-------++-------
Melee: Dagger            |    75 |    22 ||    97
       Falchion          |       |   105 ||   105
 Fire: Blowgun           |     6 |    16 ||    22
 Stab: Sleeping          |     5 |    10 ||    15
  Eat: Chunk             |     3 |     4 ||     7
